 Dungeon Crawl Stone Soup version 0.26-a0-541-g3b3d21e777 (webtiles) character file.

Game seed: 4643557128815864877

399 MrRokkomies the Chiller (level 6, -7/48 HPs)
             Began as a Demigod Ice Elementalist on Aug 16, 2020.
             Mangled by an orc warrior
             ... wielding a +0 mace
              (15 damage)
             ... on level 4 of the Dungeon.
             The game lasted 00:08:33 (4199 turns).

MrRokkomies the Chiller (Demigod Ice Elementalist)  Turns: 4199, Time: 00:08:35

Health: -7/48      AC:  2    Str: 11    XL:     6   Next: 28%
Magic:  12/13      EV: 14    Int: 23    God:
Gold:   193        SH:  0    Dex: 16    Spells: 6/10 levels left

rFire    . . .     SeeInvis .   a - +1 morningstar (vamp)
rCold    . . .     Faith    .   (no shield)
rNeg     . . .     Spirit   .   m - +0 robe
rPois    .         Reflect  .   (no helmet)
rElec    .         Harm     .   (no cloak)
rCorr    .         Rnd*Tele +   (no gloves)
MR       .....                  (no boots)
Stlth    ++........             h - amulet of magic regeneration
HPRegen  0.16/turn              n - ring of teleportation (curse)
MPRegen  0.38/turn              (no ring)

@: frozen ramparts
A: high mp 1
a: no special abilities


You were on level 4 of the Dungeon.
You visited 1 branch of the dungeon, and saw 4 of its levels.

You collected 193 gold pieces.

Inventory:

Hand Weapons
 a - a +1 vampiric morningstar (weapon)
Missiles
 b - 11 javelins (quivered)
Armour
 l - a cursed +0 ring mail
 m - a +0 robe (worn)
Jewellery
 g - an uncursed amulet of guardian spirit
 h - an amulet of magic regeneration (around neck)
 n - a cursed ring of teleportation (left hand)
Scrolls
 d - 2 scrolls of teleportation
 k - a scroll of magic mapping
 o - a scroll of amnesia {unknown}
 q - a scroll of identify {unknown}
Potions
 c - a potion of ambrosia {unknown}
 e - a potion of mutation {unknown}
 f - 2 potions of resistance {unknown}
 i - a potion of stabbing {unknown}
 j - a potion of magic {unknown}
 p - a potion of lignification {unknown}


   Skills:
 + Level 2.1 Fighting
 * Level 4.0 Dodging
 - Level 1.7 Stealth
 + Level 2.8 Spellcasting
 * Level 5.1 Ice Magic


You had 6 spell levels left.
You knew the following spells:

 Your Spells              Type           Power        Failure   Level
a - Freeze                Ice            ####         1%          1
b - Frozen Ramparts       Ice            ####..       4%          3

Your spell library contained the following spells:

 Spells                   Type           Power        Failure   Level
 Ozocubu's Armour         Ice            ####....     4%          3
 Hailstorm                Conj/Ice       ###.....     38%         4
 Summon Ice Beast         Ice/Summ       ###.....     38%         4


Dungeon Overview and Level Annotations

Branches:
Dungeon (4/15)
 Temple: D:4-7


Innate Abilities, Weirdness & Mutations

You have an increased reservoir of magic. (+10% MP)


Message History

The orc throws a boomerang.
The boomerang closely misses you.
The weapon returns to the orc!
The wall freezes the orc warrior.
Casting: Frozen Ramparts (dangerous; 4% risk of failure)
Confirm with . or Enter, or press ? or * to list all spells.
Okay, then.
Unknown command.
Okay, then.
Unknown command.
The orc throws a boomerang.
The boomerang hits you.
* * * LOW HITPOINT WARNING * * *
The weapon returns to the orc!
The wall freezes the orc warrior.
The wall freezes the orc warrior.
You completely miss the orc warrior.
The orc warrior is severely wounded.
The wall freezes the orc warrior.
The orc warrior hits you with a +0 mace.
* * * LOW HITPOINT WARNING * * *
The wall freezes the orc warrior.
The orc warrior hits you with a +0 mace!
You die...

#####...$................
#...............###......
#............###.......#
#..........## ##†......#.
#..........# #).........
#.!......>.# #..........
#..........# ##..........
#...#....#####o.o........
#####.##..##.@...........
#...#..#.............
#....#<....[..........
#....#.....#..........
......#.......<........
#..........##...........
#..#....#########.....#.
####...# ####.. #... .


You could see an orc warrior and an orc.

Vanquished Creatures
  Blork the orc (D:4)
  A bullfrog zombie (D:3)
  3 orc priests
  A hound (D:4)
  Jessica (D:2)
  An orc wizard (D:3)
  5 adders (D:2)
  An ooze (D:1)
  2 worms (D:2)
  2 dart slugs
  3 leopard geckos
  7 orcs
  5 giant cockroaches
  5 goblins
  3 hobgoblins
  2 quokkas (D:2)
  A ball python (D:1)
  9 bats
  3 frilled lizards
  10 kobolds
  10 rats
76 creatures vanquished.

Notes
Turn   | Place    | Note
-------+----------+-------------------------------------------
     0 | D:1      | MrRokkomies the Demigod Ice Elementalist began the quest
                  | for the Orb.
     0 | D:1      | Reached XP level 1. HP: 14/14 MP: 5/5
   341 | D:1      | Reached XP level 2. HP: 22/22 MP: 7/7
   981 | D:1      | Reached skill level 4 in Ice Magic
  1472 | D:1      | Reached XP level 3. HP: 25/27 MP: 6/8
  1547 | D:2      | Found a shimmering altar of Xom.
  1558 | D:2      | Learned a level 3 spell: Frozen Ramparts
  1562 | D:2      | Noticed Jessica
  1590 | D:2      | Killed Jessica
  1590 | D:2      | Reached skill level 1 in Fighting
  1598 | D:2      | Found a blossoming altar of Fedhas.
  1817 | D:2      | Reached XP level 4. HP: 29/35 MP: 6/9
  2757 | D:2      | Reached XP level 5. HP: 23/40 MP: 8/11
  3276 | D:3      | Found an ornate altar of the Wu Jian Council.
  3991 | D:4      | Noticed Blork the orc
  4001 | D:4      | Killed Blork the orc
  4001 | D:4      | Reached skill level 5 in Ice Magic
  4001 | D:4      | Reached XP level 6. HP: 22/48 MP: 10/13
  4199 | D:4      | Mangled by an orc warrior

Illustrated notes

Levels and vault maps discovered:
D:1:      dpeg_arrival_arbitrary_c, layout_basic
D:2:      layout_loops_ring, fedhas_altar_1, xom_teletrap_fun, uniq_jessica
D:3:      layout_basic, lemuel_doored_altar
D:4:      minmay_inner_zag, layout_rooms, wad_rectangle_vault, uniq_sigmund,
          uniq_blork_the_orc

Skill      XL: |  1  2  3  4  5  6 |
---------------+-------------------+-----
Dodging        | 2 3 4 |  4.0
Spellcasting   | 2 |  2.8
Ice Magic      | 4 5 |  5.1
Fighting       | 1 2 |  2.1
Stealth        | |  1.7

Action                   |  1- 3 |  4- 6 || total
-------------------------+-------+-------++-------
Melee: Dagger            |    84 |    26 ||   110
       Unarmed           |     4 |       ||     4
       Morningstar       |       |    70 ||    70
 Cast: Freeze            |    31 |    12 ||    43
       Frozen Ramparts   |       |     5 ||     5
  Use: Scroll            |     1 |     6 ||     7
 Stab: Sleeping          |     5 |     3 ||     8
Armor: Robe              |    28 |    29 ||    57
Dodge: Dodged            |    72 |   101 ||   173

Table legend: (Time is in decaauts)
 A = Elapsed time spent in this place.
 B = Non-inter-level travel time spent in this place.
 C = Inter-level travel time spent in this place.
 D = Time resting spent in this place.
 E = Time spent auto-exploring this place.
 F = Levels seen in this place.
 G = Mean time per level.
                   A        B        C        D        E       F      G
               +--------+--------+--------+--------+--------+-----+--------+
         Total |   4232 |   4174 |     58 |    382 |   3155 |   4 | 1058.0 |
       Dungeon |   4232 |   4174 |     58 |    382 |   3155 |   4 | 1058.0 |
               +--------+--------+--------+--------+--------+-----+--------+

Top non-repeatable levels by time:
     D:1: 1546 daAuts
     D:2: 1441 daAuts
     D:3: 1162 daAuts
     D:4: 81 daAuts
